 Dungeon Crawl Stone Soup version 0.28-a0-1190-g77e1c55843 (webtiles) character file.

Game seed: 11140830268313484315

11 EnegeticOcto the Ruffian (level 2, -2/21 HPs)
             Began as a Formicid Transmuter on Dec 18, 2021.
             Slain by an adder (4 damage)
             ... on level 2 of the Dungeon.
             The game lasted 00:03:56 (484 turns).

EnegeticOcto the Ruffian (Formicid Transmuter)       Turns: 484, Time: 00:03:56

Health: -2/21      AC:  2    Str: 14    XL:     2   Next: 35%
Magic:  5/5        EV: 12    Int: 12    God:
Gold:   0          SH:  0    Dex: 11    Spells: 4/5 levels left

rFire   . . .      SeeInvis +     - Unarmed
rCold   . . .      Faith    .   (no shield)
rNeg    . . .      Spirit   .   a - +0 robe
rPois   .          Reflect  .   (helmet unavailable)
rElec   .          Harm     .   (no cloak)
rCorr   .          Rampage  .   (no gloves)
Will    .....                   (no boots)
Stlth   ++........              (no amulet)
HPRegen 0.07/turn               b - ring of wizardry
MPRegen 0.09/turn               (no ring)

@: no status effects
A: permanent stasis, dig shafts and tunnels, antennae 3, four strong arms
a: Dig, Shaft Self


You were on level 2 of the Dungeon.
You visited 1 branch of the dungeon, and saw 2 of its levels.

Inventory:

Missiles
 f - 6 atropa-tipped darts
Armour
 a - a +0 robe (worn)
 e - a +0 kite shield
   (You found it on level 2 of the Dungeon)
Jewellery
 b - a ring of wizardry (left hand)
   (You found it on level 1 of the Dungeon)
Scrolls
 c - a scroll of identify {@r1}
 d - a scroll of magic mapping {@r5 !r}


   Skills:
 - Level 1.1 Fighting
 - Level 1.7 Dodging
 + Level 2.5 Stealth
 - Level 3.0 Unarmed Combat
 - Level 2.1 Spellcasting
 - Level 2.1 Transmutations


You had 4 spell levels left.
You knew the following spells:

 Your Spells              Type           Power      Damage    Failure   Level
b - Beastly Appendage     Tmut           12%        N/A       4%          1

Your spell library contained the following spells:

 Spells                   Type           Power      Damage    Failure   Level
 Wereblood                Tmut           6%         N/A       7%          2
 Spider Form              Tmut/Pois      3%         N/A       21%         3
 Ice Form                 Ice/Tmut       3%         N/A       52%         4


Dungeon Overview and Level Annotations

Branches:
Dungeon (2/15)

Altars:


Innate Abilities, Weirdness & Mutations

You cannot be hasted, slowed, berserked, paralysed or teleported.
You can dig through walls and to a lower floor.
You have a pair of large antennae on your head. (SInv)
Your four strong arms can wield two-handed weapons with a shield.


Message History

Casting: Beastly Appendage (safe; 4% risk of failure)
Confirm with . or Enter, or press ? or * to list all spells.
Your feet morph into talons.
You hit the bat.
The bat is moderately wounded.
The bat barely misses you. The bat hits you but does no damage.
The bat hits you but does no damage. The bat misses you.
You hit the bat.
The bat is severely wounded.
The bat hits you. The bat closely misses you.
You closely miss the bat. Your kick misses the bat.
The bat is severely wounded.
The bat barely misses you.
You barely miss the bat. Your kick misses the bat.
The bat is severely wounded.
The bat misses you.
You closely miss the bat. Your kick misses the bat.
The bat is severely wounded.
The bat completely misses you. The bat hits you but does no damage.
You closely miss the bat.
The bat is severely wounded.
The bat misses you.
You miss the bat.
The bat is severely wounded.
Your talons disappear.
The bat hits you but does no damage. The bat hits you.
You hit the bat.
You kill the bat!
You start resting.
HP restored.
Found 6 atropa-tipped darts.
You see here 6 atropa-tipped darts.
f - 6 atropa-tipped darts
Found a scroll labelled HOM WUMIOTISMY.
A frilled lizard comes into view.
The frilled lizard moves out of view.
Casting: Beastly Appendage (safe; 4% risk of failure)
Confirm with . or Enter, or press ? or * to list all spells.
Your feet morph into talons.
The frilled lizard hisses angrily.
Your transformation is almost over.
Casting: Beastly Appendage (safe; 4% risk of failure)
Confirm with . or Enter, or press ? or * to list all spells.
You extend your transformation's duration.
You barely miss the frilled lizard. The frilled lizard bites you.
You miss the frilled lizard. You claw the frilled lizard.
You kill the frilled lizard!
Your transformation is almost over.
You start resting.
Your talons disappear.
You start resting.
Magic restored.
HP restored.
Found 15 arrows.
c - 2 scrolls labelled HOM WUMIOTISMY (gained 1)
Found a stone staircase leading up.
An adder comes into view.
Found a purple potion.
The adder hisses angrily.
There is a stone staircase leading up here.
Casting: Beastly Appendage (safe; 4% risk of failure)
Confirm with . or Enter, or press ? or * to list all spells.
Your feet morph into talons.
The adder bites you but does no damage.
You barely miss the adder.
Your transformation is almost over.
The adder misses you.
You barely miss the adder. Your kick misses the adder.
Your punch misses the adder. The adder closely misses you. The adder bites you.
You miss the adder. Your kick misses the adder. The adder bites you.
You are poisoned.
The adder poisons you!
You closely miss the adder. Your kick misses the adder.
You feel sick. The adder bites you.
You aren't carrying any potions.
As you read the scroll labelled HOM WUMIOTISMY, it crumbles to dust.
It is a scroll of identify.
d - a scroll of magic mapping You feel sick.
The adder barely misses you. The adder misses you.
You feel sick.
You feel sick.
You feel sick.
You are no longer poisoned.
The adder closely misses you.
Your talons disappear.
The adder misses you.
A ball python and an adder come into view.
Found 7 arrows.
The adder hisses angrily.
The ball python hisses angrily.
You see here a purple potion.
It was a potion of haste.
Your stasis prevents you from being hasted.
The adder bites you.
* * * LOW HITPOINT WARNING * * *
Are you sure you want to shaft yourself?
The adder closely misses you. The adder barely misses you.
You begin to dig a shaft.
You continue digging a shaft.
The adder bites you.
You die...

..# #.# ### #.# ...###
#.# ###. ... #.# #.. ..
#<# #.# .#
####.###.###S#
#####..........S.#
#.............S@.#
#.###.##.#............(
#.# #(##.#.....######..
#.# #.##.#.....#
#.###.##.###.###
#.....##.# #.. {
#..#.....# #.##
#..#.##### #.# #..#.#


You could see 2 adders and a ball python.

Vanquished Creatures
  A dart slug (D:1)
  An endoplasm (D:1)
  A kobold (D:1)
  2 quokkas
  2 ball pythons (D:1)
  A bat (D:2)
  A frilled lizard (D:2)
9 creatures vanquished.

Notes
Turn   | Place    | Note
-------+----------+-------------------------------------------
     0 | D:1      | EnegeticOcto the Formicid Transmuter began the quest for
                  | the Orb.
     0 | D:1      | Reached XP level 1. HP: 15/15 MP: 3/3
   115 | D:1      | Reached skill level 1 in Stealth
   215 | D:1      | Reached skill level 2 in Stealth
   215 | D:1      | Reached XP level 2. HP: 19/21 MP: 3/5
   289 | D:1      | You fall into a shaft and drop 1 floor!
   484 | D:2      | Slain by an adder

Illustrated notes

Levels and vault maps discovered:
D:1:      erik_arrival_triangle_small, layout_loops_corners,
          dreamdust_ecumenical_altar_statues
D:2:      layout_loops_ring

Skill      XL: |  1 |
---------------+----+-----
Stealth        | 2 |  2.5
Fighting       | |  1.1
Dodging        | |  1.7
Unarmed Combat | |  3.0
Spellcasting   | |  2.1
Transmutations | |  2.1

Action                   || total
-------------------------++-------
Melee: Unarmed           ||    36
       Kick              ||    10
 Cast: Beastly Appendage ||    11
 Abil: Shaft Self        ||     1
  Use: Scroll            ||     1
       Potion            ||     1
 Stab: Sleeping          ||     2
Armor: Robe              ||     8
Dodge: Dodged            ||    26

Table legend: (Time is in decaauts)
 A = Elapsed time spent in this place.
 B = Non-inter-level travel time spent in this place.
 C = Inter-level travel time spent in this place.
 D = Time resting spent in this place.
 E = Time spent auto-exploring this place.
 F = Levels seen in this place.
 G = Mean time per level.
                   A        B        C        D        E       F      G
               +--------+--------+--------+--------+--------+-----+--------+
         Total |    481 |    481 |      0 |    147 |     29 |   2 |  240.5 |
       Dungeon |    481 |    481 |      0 |    147 |     29 |   2 |  240.5 |
               +--------+--------+--------+--------+--------+-----+--------+

Top non-repeatable levels by time:
     D:1: 287 daAuts
     D:2: 194 daAuts
